 Dungeon Crawl Stone Soup version 0.29.1-2-gbd0b4ee654 (webtiles) character file.

Game seed: 9461888701275696394

11448 KittyFluff the Cruncher (level 11, -7/87 HPs)
             Began as a Demonspawn Berserker on Nov 30, 2022.
             Was a High Priest of Trog.
             Mangled by a troll zombie (12 damage)
             ... on level 10 of the Dungeon.
             The game lasted 01:00:02 (10460 turns).

KittyFluff the Cruncher (Demonspawn Berserker)     Turns: 10460, Time: 01:00:03

Health: -7/87      AC: 14    Str: 22    XL:     11   Next: 49%
Magic:  11/11      EV: 17    Int:  8    God:    Trog [*****.]
Gold:   760        SH:  0    Dex: 13    Spells: 10/10 levels left

rFire   . . .      SeeInvis .   r - +3 quarterstaff (chaos)
rCold   . . .      Faith    .   (shield currently unavailable)
rNeg    . . .      Spirit   .   N - +0 steam dragon scales
rPois   .          Reflect  .   D - +1 helmet
rElec   .          Harm     .   s - +0 cloak
rCorr   .          Rampage  .   i - +2 pair of gloves
Will    .....                   (no boots)
Stlth   ++........              (no amulet)
HPRegen 0.24/turn               W - +4 ring of slaying
MPRegen 0.12/turn               L - +4 ring of slaying

@: no status effects
A: repulsion field 2, demonic guardian 2, ignite blood 1, demonic touch 2
a: Renounce Religion, Berserk, Trog's Hand, Brothers in Arms


You were on level 10 of the Dungeon.
You worshipped Trog.
Trog was extremely pleased with you.
You visited 1 branch of the dungeon, and saw 10 of its levels.
You also visited: Bailey.

You collected 760 gold pieces.

Inventory:

Hand Weapons
 o - a +0 quarterstaff
 r - a +3 quarterstaff of chaos (weapon)
 E - a +0 quarterstaff
 J - a +0 lajatang
 P - a +5 antimagic dire flail
Missiles
 e - 107 stones
 p - 6 javelins
 u - 4 throwing nets
 x - 50 poisoned darts
 z - 18 boomerangs (quivered)
 Q - 8 curare-tipped darts
 U - 8 datura-tipped darts
Armour
 i - a +2 pair of gloves (worn)
 s - a +0 cloak (worn)
 D - a +1 helmet (worn)
 G - a +2 robe of willpower
 N - +0 steam dragon scales (worn)
 R - the +6 scale mail of the Old and Reckless {rPois Dex+7 Stlth-}
   (You took it off a kobold in a bailey)

   Dex:       It affects your dexterity (+7).
   rPois:     It protects you from poison.
   Stlth:     It makes you less stealthy.
 T - a +3 ring mail
Jewellery
 d - a ring of poison resistance
 y - a ring of magical power
 I - an amulet of regeneration
 K - an amulet of the acrobat
 L - a +4 ring of slaying (right hand)
 W - a +4 ring of slaying (left hand)
Wands
 M - a wand of roots (7)
 V - a wand of polymorph (7)
Scrolls
 b - a scroll of immolation {unknown}
 c - 2 scrolls of silence {unknown}
 f - 5 scrolls of enchant armour
 g - 2 scrolls of poison {unknown}
 j - a scroll of enchant weapon {unknown}
 n - 6 scrolls of teleportation {unknown}
 t - 2 scrolls of magic mapping {unknown}
 v - a scroll of blinking {unknown}
 C - 3 scrolls of fear {unknown}
 H - a scroll of fog {unknown}
 O - 2 scrolls of noise {unknown}
 S - a scroll of vulnerability {unknown}
Potions
 h - 8 potions of curing
 k - 2 potions of lignification
 l - a potion of heal wounds
 m - 3 potions of attraction
 q - 2 potions of haste
 w - 2 potions of might
 A - 2 potions of resistance
 B - 2 potions of flight
 F - a potion of ambrosia


   Skills:
 + Level 8.4 Fighting
 + Level 4.1(8.5) Maces & Flails
 * Level 11.5(11.9) Staves
 + Level 3.0 Throwing
 * Level 8.8 Armour
 + Level 5.2 Dodging
 + Level 3.2 Stealth


You had 10 spell levels left.
You didn't know any spells.
Your spell library was empty.

Dungeon Overview and Level Annotations

Branches:
Dungeon (10/15)            Temple (0/1) D:7            Lair (0/5) D:10
 Bailey (visited)
    Orc: D:9-12

Altars:
Ashenzari
Dithmenos
Gozag
Makhleb
Sif Muna


Innate Abilities, Weirdness & Mutations

You are surrounded by a moderate repulsion field. (EV +3)
A demonic guardian rushes to your aid.
Your demonic aura sometimes causes spilled blood to erupt in flames.
Your touch may inflict irresistible damage on your foes.


Message History

Trog accepts your kill.
The orc priest mumbles some strange prayers to Beogh against you.
Beogh smites you!
A demonic guardian appears!
The shadow strikes at you from the darkness!
* * * LOW HITPOINT WARNING * * *
There are monsters nearby!
You sock the shadow!
The shadow suddenly seems more agile.
The shadow is moderately damaged.
The shadow misses you.
You hit the shadow.
Nothing appears to happen.
The shadow is severely damaged.
The shadow barely misses you.
You hit the shadow. Lightning courses through the shadow!
You destroy the shadow!
Trog accepts your kill.
An orc zombie comes into view.
You sock the orc priest! You freeze the orc priest.
You kill the orc priest!
Trog accepts your kill.
You bludgeon the orc zombie!!
You destroy the orc zombie!
Trog accepts your kill.
You sock the troll zombie!
The troll zombie is lightly damaged.
The troll zombie is engulfed in blazing flames.
The troll zombie bites you.
* * * LOW HITPOINT WARNING * * *
A demonic guardian appears!
The troll zombie closely misses you.
The troll zombie claws you but does no damage.
You bludgeon the troll zombie!!
The troll zombie seems to grow stronger.
The troll zombie is severely damaged.
Your orc priest zombie hits the troll zombie.
You sock the troll zombie!
The troll zombie seems to speed up.
The troll zombie is almost destroyed.
The troll zombie bites you!
* * * LOW HITPOINT WARNING * * *
The troll zombie claws you but does no damage.
The troll zombie claws you!
You die...

#.....#.....##...####+#
#.....#.....##...#
#.....#..........+
#.....'...###.######
#.....#...# #.####.#
#.....######.#.#..#
#.........##.#.#..#
#.........##.#3.4#
#....
#.........####.#@#
#....
#.........##..##Z#
#....
#.........##.#.ZZZ.#
#....
#[........##.##.#Z#..#
#...[ #.....#####$ .#
Z. ..$. #.... #.....#
## .. ##. ### #....
#.....# ... .. #....
#.....# ### #Z #####
#.....# #Z #....


You could see 2 goblin zombies, 2 orc zombies, a troll zombie (fast, strong,
ally target), a friendly soul eater (summoned), a friendly hellwing (summoned)
and a friendly orc priest zombie.

Vanquished Creatures
  A two-headed ogre (D:8)
  Amaemon (D:9)
  Pikel (D:9)
  An orange demon (D:9)
  Psyche (D:9)
  A komodo dragon (D:10)
  A troll (D:10)
  2 hornets
  A wraith (D:10)
  2 shadows (D:10)
  7 yaks
  2 wyverns (D:7)
  3 steam dragons
  Grum (D:9)
  2 acid dragons (D:10)
  3 water moccasins
  Duvessa (D:6)
  A sky beast (D:6)
  An ice beast (D:5)
  6 orc warriors
  6 black bears
  3 ogres
  3 wolves
  A centaur (D:7)
  10 kobold brigands
  8 scorpions
  6 bullfrogs
  8 wights (D:7)
  Dowan (D:6)
  A killer bee (D:9)
  A troll zombie (D:10)
  3 howler monkeys
  A hound (D:5)
  3 orc priests
  Crazy Yiuf (D:2)
  2 jellies
  A gnoll bouda (D:4)
  4 iguanas
  7 orc wizards
  7 gnolls
  7 adders
  A shadow imp (D:6)
  An ufetubus (D:3)
  2 worms
  A dart slug (D:4)
  33 orcs
  7 ball pythons
  14 bats
  10 endoplasms
  3 giant cockroaches
  10 goblins
  12 hobgoblins
  6 jackals
  5 quokkas
  3 frilled lizards
  A goblin zombie (D:10)
  27 kobolds
  4 orc zombies (D:10)
  6 rats
269 creatures vanquished.

Vanquished Creatures (collateral kills)
  A yak (D:10)
  3 killer bees (D:9)
  An orc priest (D:9)
  An orc (D:4)
6 creatures vanquished.

Vanquished Creatures (others)
  A kobold (D:9)
  27 fungi
  26 plants
54 creatures vanquished.

Grand Total: 329 creatures vanquished

Notes
Turn   | Place    | Note
-------+----------+-------------------------------------------
     0 | D:1      | KittyFluff the Demonspawn Berserker began the quest for the
                  | Orb.
     0 | D:1      | Reached XP level 1. HP: 18/18 MP: 1/1
   224 | D:1      | Found a faded altar of an unknown god.
   231 | D:1      | Gained mutation: Your touch may inflict minor irresistible
                  | damage on your foes. [demonic ancestry]
   231 | D:1      | Reached XP level 2. HP: 16/24 MP: 2/2
   699 | D:1      | Gained mutation: You are surrounded by a mild repulsion
                  | field. (EV +2) [demonic ancestry]
   699 | D:1      | Reached XP level 3. HP: 24/29 MP: 3/3
   882 | D:1      | Reached ** piety under Trog
  1320 | D:2      | Gained mutation: You are surrounded by a moderate repulsion
                  | field. (EV +3) [demonic ancestry]
  1320 | D:2      | Reached XP level 4. HP: 19/35 MP: 4/4
  1580 | D:2      | Found a runed translucent door.
  1581 | D:2      | Noticed Crazy Yiuf
  1589 | D:2      | Killed Crazy Yiuf
  2299 | D:3      | Gained mutation: A weak demonic guardian rushes to your
                  | aid. [demonic ancestry]
  2299 | D:3      | Reached XP level 5. HP: 42/42 MP: 5/5
  2454 | D:3      | Reached skill level 1 in Staves
  2493 | D:3      | Reached *** piety under Trog
  2824 | D:4      | Found a shadowy altar of Dithmenos.
  2824 | D:4      | Noticed a black bear
  2825 | D:4      | Found an opulent altar of Gozag.
  2825 | D:4      | Found a burning altar of Makhleb.
  2832 | D:4      | Killed a black bear
  2833 | D:4      | Reached skill level 2 in Staves
  2833 | D:4      | Reached XP level 6. HP: 35/48 MP: 6/6
  3154 | D:4      | Noticed an orc warrior
  3166 | D:4      | Killed an orc warrior
  3173 | D:4      | HP: 2/48 [something (1)]
  3494 | D:4      | Reached skill level 3 in Staves
  3494 | D:4      | Reached skill level 1 in Stealth
  3757 | D:4      | Reached skill level 7 in Staves
  3757 | D:4      | Gained mutation: Your touch may inflict irresistible damage
                  | on your foes. [demonic ancestry]
  3757 | D:4      | Reached XP level 7. HP: 59/59 MP: 7/7
  3874 | D:4      | Gained mutation: Your demonic aura sometimes causes spilled
                  | blood to erupt in flames. [demonic ancestry]
  3874 | D:4      | Reached XP level 8. HP: 65/65 MP: 8/8
  4012 | D:4      | Reached **** piety under Trog
  4067 | D:5      | Entered Level 5 of the Dungeon
  4104 | D:5      | Reached skill level 8 in Staves
  4813 | D:6      | Noticed Duvessa
  4813 | D:6      | Noticed Dowan
  4824 | D:6      | Killed Duvessa
  4824 | D:6      | Killed Dowan
  4990 | D:6      | Reached skill level 1 in Throwing
  5010 | D:6      | Reached XP level 9. HP: 68/72 MP: 9/9
  5624 | D:7      | Found a staircase to the Ecumenical Temple.
  5763 | D:7      | Reached skill level 9 in Staves
  6394 | D:7      | Reached ***** piety under Trog
  7048 | D:8      | Reached XP level 10. HP: 62/79 MP: 10/10
  7123 | D:8      | Reached skill level 10 in Staves
  7878 | D:9      | Noticed Grum
  7883 | D:9      | Noticed a two-headed ogre
  7952 | D:8      | Killed a two-headed ogre
  8084 | D:9      | Found a flagged portal.
  8097 | Bailey   | Entered a bailey
  8143 | Bailey   | Received a gift from Trog
  8158 | Bailey   | Identified the +6 scale mail of the Old and Reckless {rPois
                  | Dex+7 Stlth-}
  8615 | Bailey   | Found a bloodstained altar of Trog.
  8658 | D:9      | Killed Grum
  8660 | D:9      | Noticed Psyche
  8822 | D:9      | Killed Psyche
  9031 | D:9      | Noticed Amaemon
  9032 | D:9      | Noticed an orange demon
  9072 | D:9      | Killed Amaemon
  9077 | D:9      | Killed an orange demon
  9078 | D:9      | Gained mutation: A demonic guardian rushes to your aid.
                  | [demonic ancestry]
  9078 | D:9      | Reached XP level 11. HP: 86/86 MP: 3/11
  9414 | D:9      | Paralysed by a hornet for 2 turns
  9665 | D:9      | Noticed Pikel
  9670 | D:9      | Killed Pikel
  9671 | D:9      | Reached skill level 11 in Staves
  9739 | D:9      | Found a broken altar of Ashenzari.
  9749 | D:9      | Found a shimmering blue altar of Sif Muna.
  9794 | D:10     | Entered Level 10 of the Dungeon
  9825 | D:10     | Found a staircase to the Lair.
  9851 | D:10     | Reached skill level 5 in Dodging
 10460 | D:10     | Mangled by a troll zombie

Illustrated notes

Levels and vault maps discovered:
D:1:      minmay_arrival_stone_box, layout_basic,
          hellmonk_ecumenical_altar_zigzags, kennysheep_minor_cross,
          minmay_heptomino_l4
D:2:      layout_basic, uniq_crazy_yiuf_cottage
D:3:      layout_rooms
D:4:      layout_loops_ring, grunt_temple_overflow_open,
          hangedman_decor_diamond_cutter
D:5:      layout_cave_pools, grunt_decor_junction
D:6:      layout_cave_pools, uniq_duvessa
D:7:      old_forge, layout_layer_cave, minmay_temple_entry_glass
D:8:      layout_basic
D:9:      layout_small_grid, gammafunk_temple_overflow_forgotten,
          enter_bailey_1, uniq_psyche, uniq_pikel, uniq_grum, uniq_amaemon
D:10:     layout_gridville, due_lair_maze_entry_diamond, zombieorc1_lemuel,
          uniq_josephine

Skill      XL: |  1  2  3  4  5  6  7  8  9 10 11 |
---------------+----------------------------------+-----
Maces & Flails | 3 4 |  4.1
Armour         | 2 7 8 |  8.8
Dodging        | 2 3 4 5 |  5.2
Staves         | 2 7 8 9 10 11 | 11.5
Fighting       | 4 6 7 8 |  8.4
Stealth        | 1 2 3 |  3.2
Throwing       | 1 2 3 |  3.0

Action                   |  1- 3 |  4- 6 |  7- 9 | 10-12 || total
-------------------------+-------+-------+-------+-------++-------
Melee: Mace              |    99 |    13 |       |       ||   112
       Touch             |    13 |     1 |       |       ||    14
       Quarterstaff      |       |   140 |   243 |   260 ||   643
       Dire flail        |       |       |       |     6 ||     6
Throw: Stone             |       |    14 |    29 |       ||    43
       Boomerang         |       |       |       |    27 ||    27
Invok: Berserk           |       |     1 |     2 |     2 ||     5
  Use: Scroll            |     1 |     5 |     6 |     1 ||    13
       Potion            |       |     1 |     1 |       ||     2
 Stab: Sleeping          |       |     2 |       |     2 ||     4
       Petrified         |       |     1 |       |       ||     1
       Distracted        |       |       |     1 |       ||     1
       Paralysed         |       |       |       |     2 ||     2
       Confused          |       |       |       |     1 ||     1
Armor: Animal skin       |    29 |    35 |       |       ||    64
       Leather armour    |       |     3 |    23 |       ||    26
       Robe              |       |       |    32 |       ||    32
       Steam dragon scal |       |       |       |    94 ||    94
Dodge: Dodged            |    73 |   103 |   168 |   203 ||   547
